AA
OMAHA STORM CHASERS @ EVANSVILLE TRIPLETS
07/14/1982
 
TOP OF THE 1ST
Omaha Storm Chasers batting - Pitching for Evansville Triplets : RHP Bill Gullickson
Pitching: RHP Bill Gullickson
Batting: LHB Gary Fulton 0-0: Swinging Strike
0-1: Ball
1-1: Foul Ball, location: 2F
1-2: Strikes out swinging
Batting: RHB Odie Davis 0-0: Ground out 5-3 (Groundball, 56, EV 86.3 MPH)
Batting: LHB Jim Eisenreich 0-0: Called Strike
0-1: SINGLE (Flyball, 78S, EV 87.5 MPH)
Batting: LHB Willie Crawford 0-0: Ball
1-0: Called Strike
1-1: Fly out, F7 (Flyball, 7D, EV 81.3 MPH)
Top of the 1st over - 0 runs, 1 hit, 0 errors, 1 left on base; Omaha 0 - Evansville 0
BOTTOM OF THE 1ST
Evansville Triplets batting - Pitching for Omaha Storm Chasers : RHP Orel Hershiser
Pitching: RHP Orel Hershiser
Batting: LHB Rob Wilfong 0-0: Ball
1-0: Foul Ball, location: 2F
1-1: Ball
2-1: SINGLE (Groundball, 6, EV 84.4 MPH) (infield hit)
Batting: LHB Mike Squires 0-0: Ball
1-0: Fielders Choice at 2nd, 1-6 (Groundball, P, EV 68.1 MPH)
Batting: RHB Tack Wilson 0-0: Ball
Mike Squires is caught stealing 2nd base 2-4
1-0: TRIPLE (Line Drive, 78XD, EV 104.4 MPH)
Batting: RHB John Scott 0-0: Ball
1-0: Ground out 5-3 (Groundball, 5L, EV 76.3 MPH)
Bottom of the 1st over - 0 runs, 2 hits, 0 errors, 1 left on base; Omaha 0 - Evansville 0
TOP OF THE 2ND
Omaha Storm Chasers batting - Pitching for Evansville Triplets : RHP Bill Gullickson
Batting: LHB Brad Mills 0-0: Fly out, F6 (Popup, 6D, EV 58.8 MPH)
Batting: RHB Al Minker 0-0: Foul Ball, location: 2F
0-1: Ball
1-1: Ball
2-1: Swinging Strike
2-2: Foul Ball, location: 2F
2-2: Ball
3-2: Ground out 1-3 (Groundball, 15, EV 90.6 MPH)
Batting: RHB Joe Ferguson 0-0: Ball
1-0: Called Strike
1-1: Foul Ball, location: 2F
1-2: Ball
2-2: Ground out 5-3 (Groundball, 5, EV 106.3 MPH)
Top of the 2nd over - 0 runs, 0 hits, 0 errors, 0 left on base; Omaha 0 - Evansville 0
BOTTOM OF THE 2ND
Evansville Triplets batting - Pitching for Omaha Storm Chasers : RHP Orel Hershiser
Batting: LHB Luis Alfaro 0-0: Ball
1-0: Foul Ball, location: 2F
1-1: Ground out 4-3 (Groundball, 4, EV 91.9 MPH)
Batting: RHB Don Lyle 0-0: Swinging Strike
0-1: Ball
1-1: SINGLE (Groundball, 6D, EV 97.5 MPH)
Batting: LHB Mike Fitzgerald 0-0: Ball
Don Lyle is caught stealing 2nd base 2-6
1-0: Fly out, F4 (Flyball, 34D, EV 89.4 MPH)
Bottom of the 2nd over - 0 runs, 1 hit, 0 errors, 0 left on base; Omaha 0 - Evansville 0
TOP OF THE 3RD
Omaha Storm Chasers batting - Pitching for Evansville Triplets : RHP Bill Gullickson
Batting: RHB Ron Washington 0-0: Called Strike
0-1: Ball
1-1: Ball
2-1: Swinging Strike
2-2: Strikes out swinging
Batting: RHB Alberto Gonzalez 0-0: Swinging Strike
0-1: Ball
1-1: Ball
2-1: Foul Ball, location: 2F
2-2: Ball
3-2: Ground out 5-3 (Groundball, 56, EV 104.4 MPH)
Batting: LHB Gary Fulton 0-0: Foul Ball, location: 2F
0-1: Ball
1-1: Foul Ball, location: 2F
1-2: Ball
2-2: Hit by Pitch
Batting: RHB Odie Davis 0-0: Ball
1-0: Called Strike
Gary Fulton steals 2nd base
1-1: Ball
2-1: Fly out, F4 (Line Drive, 4, EV 66.9 MPH)
Top of the 3rd over - 0 runs, 0 hits, 0 errors, 1 left on base; Omaha 0 - Evansville 0
BOTTOM OF THE 3RD
Evansville Triplets batting - Pitching for Omaha Storm Chasers : RHP Orel Hershiser
Batting: SHB Bobby Thompson 0-0: DOUBLE (Flyball, 8LXD, EV 86.9 MPH)
Batting: RHB Rick Senger 0-0: Ball
1-0: SINGLE (Groundball, 34D, EV 106.3 MPH)
Bobby Thompson to third
Runner from 3rd tries for Home, SAFE, throw by RF to home
Batting: LHB Rob Wilfong 0-0: Fielders Choice at 2nd, 2-4 (Groundball, 15S, EV 68.1 MPH)
Batting: LHB Mike Squires 0-0: Ball
Rob Wilfong is caught stealing 2nd base 2-6
1-0: Fly out, F8 (Line Drive, 8RD, EV 103.8 MPH)
Bottom of the 3rd over - 1 run, 2 hits, 0 errors, 0 left on base; Omaha 0 - Evansville 1
TOP OF THE 4TH
Omaha Storm Chasers batting - Pitching for Evansville Triplets : RHP Bill Gullickson
Batting: LHB Jim Eisenreich 0-0: Foul Ball, location: 2F
0-1: Ball
1-1: Ball
2-1: Ground out U3 (Groundball, 3L, EV 90.6 MPH)
Batting: LHB Willie Crawford 0-0: Ball
1-0: TRIPLE (Flyball, 89XD, EV 98.1 MPH)
Batting: LHB Brad Mills 0-0: SINGLE (Line Drive, 8LS, EV 103.8 MPH)
Willie Crawford scores
Batting: RHB Al Minker 0-0: Ball
1-0: 2-RUN HOME RUN (Flyball, 7D, EV 98.8 MPH), Distance : 355 ft
Batting: RHB Joe Ferguson 0-0: Ball
1-0: Ball
2-0: Ground out 4-3 (Groundball, 4, EV 83.8 MPH)
Batting: RHB Ron Washington 0-0: Called Strike
0-1: Swinging Strike
0-2: Ball
1-2: Ball
2-2: Strikes out swinging
Top of the 4th over - 3 runs, 3 hits, 0 errors, 0 left on base; Omaha 3 - Evansville 1
BOTTOM OF THE 4TH
Evansville Triplets batting - Pitching for Omaha Storm Chasers : RHP Orel Hershiser
Batting: RHB Tack Wilson 0-0: Fly out, F9 (Flyball, 9S, EV 76.3 MPH)
Batting: RHB John Scott 0-0: Called Strike
0-1: Ground out 1-3 (Groundball, 13S, EV 68.8 MPH)
Batting: LHB Luis Alfaro 0-0: Called Strike
0-1: Ground out 4-3 (Groundball, 4, EV 101.3 MPH)
Bottom of the 4th over - 0 runs, 0 hits, 0 errors, 0 left on base; Omaha 3 - Evansville 1
TOP OF THE 5TH
Omaha Storm Chasers batting - Pitching for Evansville Triplets : RHP Bill Gullickson
Batting: RHB Alberto Gonzalez 0-0: Called Strike
0-1: Ball
1-1: Fly out, F7 (Flyball, 7LM, EV 96.9 MPH)
Batting: LHB Gary Fulton 0-0: Ball
1-0: Ball
2-0: Foul Ball, location: 2F
2-1: Foul Ball, location: 2F
2-2: Foul Ball, location: 2F
2-2: Strikes out swinging
Batting: RHB Odie Davis 0-0: Called Strike
0-1: Ball
1-1: Ground out 5-3 (Groundball, 56, EV 108.1 MPH)
Top of the 5th over - 0 runs, 0 hits, 0 errors, 0 left on base; Omaha 3 - Evansville 1
BOTTOM OF THE 5TH
Evansville Triplets batting - Pitching for Omaha Storm Chasers : RHP Orel Hershiser
Batting: RHB Don Lyle 0-0: Ball
1-0: Called Strike
1-1: Called Strike
1-2: Ball
2-2: Foul Ball, location: 2F
2-2: Foul Ball, location: 2F
2-2: Fly out, F8 (Flyball, 8RD, EV 109.4 MPH)
Batting: LHB Mike Fitzgerald 0-0: Ball
1-0: Ball
2-0: Foul Ball, location: 2F
2-1: Ball
3-1: Base on Balls
Batting: SHB Bobby Thompson 0-0: Ball
1-0: Called Strike
1-1: Ball
2-1: Ball
3-1: Foul Ball, location: 2F
3-2: Strikes out looking
Batting: RHB Rick Senger 0-0: Called Strike
0-1: Ball
1-1: Ball
2-1: Called Strike
2-2: Ground out 5-3 (Groundball, 56S, EV 80.0 MPH)
Bottom of the 5th over - 0 runs, 0 hits, 0 errors, 1 left on base; Omaha 3 - Evansville 1
TOP OF THE 6TH
Omaha Storm Chasers batting - Pitching for Evansville Triplets : RHP Bill Gullickson
Batting: LHB Jim Eisenreich 0-0: SINGLE (Groundball, 25, EV 70.0 MPH) (infield hit)
Batting: LHB Willie Crawford 0-0: Ball
1-0: SINGLE (Groundball, 56, EV 111.9 MPH)
Jim Eisenreich to second
Batting: LHB Brad Mills 0-0: Foul Ball, location: 2F
0-1: Ball
1-1: Foul Ball, location: 2F
1-2: Ball
2-2: Fielders Choice at 2nd, 3-6 (Groundball, 34, EV 106.3 MPH)
Jim Eisenreich to third
Batting: RHB Al Minker 0-0: Called Strike
0-1: Swinging Strike
0-2: Foul Ball, location: 2F
0-2: Ball
1-2: Ball
2-2: Strikes out swinging
Batting: RHB Joe Ferguson Pickoff Throw to First - Out! 1-3
Top of the 6th over - 0 runs, 2 hits, 0 errors, 1 left on base; Omaha 3 - Evansville 1
BOTTOM OF THE 6TH
Evansville Triplets batting - Pitching for Omaha Storm Chasers : RHP Orel Hershiser
Batting: LHB Rob Wilfong 0-0: Ground out 4-3 (Groundball, 4S, EV 86.3 MPH)
Batting: LHB Mike Squires 0-0: Swinging Strike
0-1: Called Strike
0-2: Ball
1-2: Ground out U3 (Groundball, 3L, EV 86.3 MPH)
Batting: RHB Tack Wilson 0-0: Ball
1-0: Ball
2-0: Ball
3-0: Called Strike
3-1: Base on Balls
Batting: RHB John Scott 0-0: Called Strike
0-1: Ball
1-1: Ball
2-1: Fly out, F8 (Flyball, 8LD, EV 94.4 MPH)
Bottom of the 6th over - 0 runs, 0 hits, 0 errors, 1 left on base; Omaha 3 - Evansville 1
TOP OF THE 7TH
Omaha Storm Chasers batting - Pitching for Evansville Triplets : RHP Bill Gullickson
Batting: RHB Joe Ferguson 0-0: Fly out, F8 (Flyball, 8LS, EV 71.9 MPH)
Batting: RHB Ron Washington 0-0: Ball
1-0: Ground out 5-3 (Groundball, 5S, EV 84.4 MPH)
Batting: RHB Alberto Gonzalez 0-0: Called Strike
0-1: Called Strike
0-2: Ball
1-2: Fly out, F9 (Flyball, 9S, EV 88.1 MPH)
Top of the 7th over - 0 runs, 0 hits, 0 errors, 0 left on base; Omaha 3 - Evansville 1
BOTTOM OF THE 7TH
Evansville Triplets batting - Pitching for Omaha Storm Chasers : RHP Orel Hershiser
Batting: LHB Luis Alfaro 0-0: Called Strike
0-1: Ball
1-1: Ball
2-1: Fly out, F4 (Popup, 4M, EV 78.8 MPH)
Batting: RHB Don Lyle 0-0: SOLO HOME RUN (Flyball, 78XD, EV 96.3 MPH), Distance : 403 ft
Batting: LHB Mike Fitzgerald 0-0: Ball
1-0: SINGLE (Groundball, 6MD, EV 104.4 MPH)
Pitching: RHP Bill Paschall
Pinch Hitting: LHB Lloyd Moseby 0-0: Called Strike
Mike Fitzgerald is caught stealing 2nd base 2-6
0-1: Called Strike
0-2: Ball
1-2: Foul Ball, location: 2F
1-2: Ball
2-2: Ball
3-2: Foul Ball, location: 2F
3-2: SOLO HOME RUN (Flyball, 9D, EV 101.3 MPH), Distance : 369 ft
Batting: RHB Rick Senger 0-0: Called Strike
0-1: Foul Ball, location: 2F
0-2: Foul Ball, location: 2F
0-2: Ground out 3-1 (Groundball, 34, EV 89.4 MPH)
Bottom of the 7th over - 2 runs, 3 hits, 0 errors, 0 left on base; Omaha 3 - Evansville 3
TOP OF THE 8TH
Omaha Storm Chasers batting - Pitching for Evansville Triplets : RHP Bill Gullickson
Pitching: RHP Fred Breining
Now in RF: Lloyd Moseby
Batting: LHB Gary Fulton 0-0: Ball
1-0: Ball
2-0: Called Strike
2-1: Ball
3-1: Base on Balls
Batting: RHB Odie Davis 0-0: Ball
1-0: Called Strike
1-1: Ball
2-1: Called Strike
2-2: Foul Ball, location: 2F
2-2: Ball
3-2: Fly out, F9 (Flyball, 9S, EV 85.6 MPH)
Batting: LHB Jim Eisenreich 0-0: Ball
Gary Fulton steals 2nd base
1-0: Called Strike
1-1: Ball
2-1: Called Strike
2-2: Ball
Wild Pitch!
Gary Fulton to third
3-2: Foul Ball, location: 2F
3-2: SINGLE (Line Drive, 7S, EV 106.9 MPH)
Gary Fulton scores
Batting: LHB Willie Crawford 0-0: Called Strike
Jim Eisenreich steals 2nd base
0-1: Called Strike
0-2: Fly out, F8 (Flyball, 78S, EV 90.0 MPH)
Batting: LHB Brad Mills 0-0: Ball
1-0: Called Strike
1-1: SINGLE (Groundball, 34D, EV 95.0 MPH)
Jim Eisenreich to third
Runner from 3rd tries for Home, SAFE, no throw by RF
Batting: RHB Al Minker 0-0: Foul Ball, location: 2F
0-1: Ball
1-1: Ball
2-1: Fielders Choice at 2nd, 6-4 (Groundball, 56, EV 86.9 MPH)
Top of the 8th over - 2 runs, 2 hits, 0 errors, 1 left on base; Omaha 5 - Evansville 3
BOTTOM OF THE 8TH
Evansville Triplets batting - Pitching for Omaha Storm Chasers : RHP Bill Paschall
Batting: LHB Rob Wilfong 0-0: DOUBLE (Line Drive, 7LS, EV 98.8 MPH)
Batting: LHB Mike Squires 0-0: Swinging Strike
0-1: Ball
1-1: Ball
2-1: SINGLE (Groundball, 4MD, EV 96.9 MPH)
Rob Wilfong to third
Runner from 3rd tries for Home, SAFE, no throw by CF
Pitching: RHP Dave Tobik
Batting: RHB Tack Wilson 0-0: Called Strike
0-1: Swinging Strike
0-2: Ball
1-2: Ball
2-2: Ball
3-2: Grounds into double play, 6-4-3 (Groundball, 6, EV 81.3 MPH)
Batting: RHB John Scott 0-0: Called Strike
0-1: Ground out U3 (Groundball, 34, EV 99.4 MPH)
Bottom of the 8th over - 1 run, 2 hits, 0 errors, 0 left on base; Omaha 5 - Evansville 4
TOP OF THE 9TH
Omaha Storm Chasers batting - Pitching for Evansville Triplets : RHP Fred Breining
Batting: RHB Joe Ferguson 0-0: Called Strike
0-1: Foul Ball, location: 2F
0-2: Ball
1-2: Ground out 5-3 (Groundball, 56S, EV 88.8 MPH)
Batting: RHB Ron Washington 0-0: SINGLE (Flyball, 89S, EV 91.3 MPH)
Pitching: LHP Randy Niemann
Batting: RHB Alberto Gonzalez 0-0: Ball
1-0: SINGLE (Flyball, 89S, EV 98.1 MPH)
Ron Washington to second
Runner from 2nd tries for 3rd, SAFE, no throw by RF
Batting: LHB Gary Fulton 0-0: Ball
1-0: Ball
2-0: Foul Ball, location: 2F
2-1: Ball
3-1: SINGLE (Groundball, 4MD, EV 96.3 MPH)
Ron Washington scores
Alberto Gonzalez to second
Batting: RHB Odie Davis 0-0: Called Strike
0-1: Foul Ball, location: 2F
0-2: Foul Ball, location: 2F
0-2: Ball
1-2: Foul Ball, location: 2F
1-2: Grounds into double play, 5-4-3 (Groundball, 56, EV 78.1 MPH)
Top of the 9th over - 1 run, 3 hits, 0 errors, 1 left on base; Omaha 6 - Evansville 4
BOTTOM OF THE 9TH
Evansville Triplets batting - Pitching for Omaha Storm Chasers : RHP Dave Tobik
Batting: LHB Luis Alfaro 0-0: Ball
1-0: Foul Ball, location: 2F
1-1: Fly out, F7 (Flyball, 7S, EV 90.6 MPH)
Batting: RHB Don Lyle 0-0: Ball
1-0: Fly out, F7 (Flyball, 7LS, EV 80.6 MPH)
Batting: LHB Mike Fitzgerald 0-0: Ball
1-0: Foul Ball, location: 2F
1-1: Ball
2-1: Foul Ball, location: 2F
2-2: Fly out, F8 (Flyball, 8RD, EV 93.8 MPH)
Bottom of the 9th over - 0 runs, 0 hits, 0 errors, 0 left on base; Omaha 6 - Evansville 4
Friday, August 14th, 2020 - OOTP Baseball 21.5 Build 76